 Dungeon Crawl Stone Soup version 0.28.0 (webtiles) character file.

Game seed: 11838858490223965831

54 xSliceyx the Magician (level 3, -4/19 HPs)
             Began as a Deep Elf Conjurer on Feb 4, 2022.
             Slain by a centaur (5 damage)
             ... on level 3 of the Dungeon.
             The game lasted 00:03:27 (1991 turns).

xSliceyx the Magician (Deep Elf Conjurer)           Turns: 1991, Time: 00:03:28

Health: -4/19      AC:  4    Str:  4    XL:     3   Next: 66%
Magic:  8/12       EV: 12    Int: 24    God:
Gold:   100        SH:  0    Dex: 13    Spells: 10/13 levels left

rFire   . . .      SeeInvis .   m - +0 falchion
rCold   . . .      Faith    .   (no shield)
rNeg    . . .      Spirit   .   a - +0 robe
rPois   .          Reflect  .   p - +0 helmet
rElec   .          Harm     .   (no cloak)
rCorr   .          Rampage  .   o - +0 pair of gloves
Will    .....                   (no boots)
Stlth   ++........              (no amulet)
HPRegen 0.06/turn               (no ring)
MPRegen 0.13/turn               (no ring)

@: no status effects
A: no striking features
a: no special abilities


You were on level 3 of the Dungeon.
You visited 1 branch of the dungeon, and saw 3 of its levels.

You collected 100 gold pieces.

Inventory:

Hand Weapons
 f - a +0 dagger of speed
 m - a +0 falchion (weapon)
Armour
 a - a +0 robe (worn)
 o - a +0 pair of gloves (worn)
 p - a +0 helmet (worn)
Jewellery
 k - a +6 ring of strength
Wands
 q - a wand of digging (5)
Scrolls
 c - 2 scrolls of identify {unknown}
 g - a scroll of holy word {unknown}
 j - a scroll of blinking {unknown}
Potions
 b - a potion of haste {unknown}
 d - 2 potions of attraction {unknown}
 e - a potion of curing {unknown}
 h - a potion of mutation {unknown}
 i - a potion of brilliance {unknown}
 l - a potion of ambrosia {unknown}
 n - a potion of degeneration {unknown}


   Skills:
 - Level 2.4 Dodging
 - Level 2.4 Stealth
 + Level 5.6 Spellcasting
 - Level 4.3 Conjurations


You had 10 spell levels left.
You knew the following spells:

 Your Spells              Type           Power      Damage    Failure   Level
a - Magic Dart            Conj           100%       1d8       1%          1
b - Searing Ray           Conj           54%        2d6       1%          2

Your spell library contained the following spells:

 Spells                   Type           Power      Damage    Failure   Level
 Dazzling Flash           Conj/Hex       34%        N/A       10%         3
 Fulminant Prism          Conj/Hex       8%         3d7       32%         4
 Iskenderun's Mystic Bla  Conj/Tloc      17%        2d5       32%         4


Dungeon Overview and Level Annotations

Branches:
Dungeon (3/15)

Altars:


Message History

You kill the adder!
A hobgoblin comes into view.
A hobgoblin is nearby!
The magic dart hits the hobgoblin.
The hobgoblin is almost dead.
The hobgoblin shouts!
The magic dart hits the hobgoblin.
You kill the hobgoblin!
A ball python comes into view.
The ball python moves out of view.
The magic dart hits the ball python.
You kill the ball python!
A centaur comes into view.
A centaur is nearby!
The magic dart hits the centaur.
The centaur is lightly wounded.
The centaur wields a +0 shortbow.
The centaur shoots an arrow.
The arrow hits you!
Ouch! That really hurt!
You are too injured to fight recklessly!
Unknown command.
The centaur shoots an arrow.
The arrow hits you.
* * * LOW HITPOINT WARNING * * *
The centaur shoots an arrow.
The arrow completely misses you.
Casting: Magic Dart (safe; 1% risk of failure)
Confirm with . or Enter, or press ? or * to list all spells.
Aiming: Searing Ray (safe; 1% risk of failure)
Press: ? - help, Shift-Dir - straight line, f/p - centaur
Aim: a centaur, wielding a +0 shortbow and quivering arrows (lightly wounded, 87% to hit)
The searing ray misses the centaur. (Press . to maintain the ray.)
The searing ray hits the centaur.
The centaur is moderately wounded.
The centaur unwields a +0 shortbow.
The centaur hits you.
* * * LOW HITPOINT WARNING * * *
The centaur kicks you but does no damage.
The searing ray hits the centaur!
The centaur is severely wounded.
The centaur hits you.
You die...

.#. ..... ####. .c. ...
#... #.# ... #.#. #.# ...
#.#. #.# #'# #.#. #.# #.#
#.## ####.###########.#
#.## #....c.##.....##.##
#.## #.##.#.##@###.#...##
#... #.##.#.##c#
#......#######
#.##.#.##.###.#...........
#.##........#.##.#########
#.####.##.#......# #.#
#.##.###.##.# #.####.##.#
#.##.# #......##.. ..##.#
########### ## #.


You could see a centaur.

Vanquished Creatures
  Robin (D:2)
  An adder (D:3)
  A dart slug (D:1)
  5 ball pythons
  3 endoplasms
  9 goblins
  4 hobgoblins
  A quokka (D:2)
  3 bats
  3 frilled lizards
  2 rats (D:2)
33 creatures vanquished.

Notes
Turn   | Place    | Note
-------+----------+-------------------------------------------
     0 | D:1      | xSliceyx the Deep Elf Conjurer began the quest for the Orb.
     0 | D:1      | Reached XP level 1. HP: 10/10 MP: 6/6
   463 | D:1      | Reached skill level 4 in Spellcasting
   463 | D:1      | Reached XP level 2. HP: 15/15 MP: 5/9
   825 | D:2      | Learned a level 2 spell: Searing Ray
  1228 | D:2      | Noticed Robin
  1233 | D:2      | Killed Robin
  1234 | D:2      | Reached XP level 3. HP: 19/19 MP: 2/11
  1235 | D:2      | Reached skill level 5 in Spellcasting
  1977 | D:3      | Noticed a centaur
  1991 | D:3      | Slain by a centaur

Illustrated notes

Levels and vault maps discovered:
D:1:      lemuel_arrival_muddy, layout_loops_ring, minivault_26
D:2:      layout_basic, uniq_robin
D:3:      layout_loops_corners

Skill      XL: |  1  2  3 |
---------------+----------+-----
Spellcasting   | 4 5 |  5.6
Dodging        | |  2.4
Stealth        | |  2.4
Conjurations   | |  4.3

Action                   || total
-------------------------++-------
 Cast: Magic Dart        ||    57
       Searing Ray       ||     1
Armor: Robe              ||     1
Dodge: Dodged            ||     1
